 Dungeon Sprint DCSS version 0.26.1-11-gd32895ea62 (webtiles) character file.

Game seed: 7436983730578758021

21839 Dadi the Slayer (level 12, 0/143 HPs)
             Began as a Minotaur Berserker on July 28, 2021.
             Was a High Priest of Trog.
             Slain by an unseen horror (7 damage)
             ... in the Dungeon (Sprint I: "Red Sonja").
             The game lasted 00:24:34 (6535 turns).

Dadi the Slayer (Minotaur Berserker)                Turns: 6535, Time: 00:24:34

Health: 0/143      AC: 10    Str: 28    XL:     12   Next: 57%
Magic:  16/16      EV: 12    Int:  4    God:    Trog [*****.]
Gold:   1500       SH:  0    Dex: 10    Spells: 11/11 levels left

rFire    . . .     SeeInvis .   w - +8 morningstar of Interdependent Arising {vorpal, Str+3}
rCold    . . .     Faith    .   (no shield)
rNeg     . . .     Spirit   .   x - +0 troll leather armour
rPois    .         Reflect  .   (helmet restricted)
rElec    .         Harm     .   t - +2 cloak {rCorr}
rCorr    +         Rampage  .   (no gloves)
Will     ++...     NoTele   +   (no boots)
Stlth    +.........             A - amulet of the acrobat
HPRegen  1.73/turn              (no ring)
MPRegen  0.15/turn              (no ring)

@: berserk cooldown, regenerating, slowed, glowing, very slow
A: retaliatory headbutt, horns 2, deterioration 1, weak 1, no potion heal 1
a: Renounce Religion, Berserk, Trog's Hand, Brothers in Arms


You were in the Dungeon.
You worshipped Trog.
Trog was extremely pleased with you.
You visited 1 branch You collected 2763 gold pieces.
You spent 1263 gold pieces at shops.


Innate Abilities, Weirdness & Mutations

You reflexively headbutt those who attack you in melee.
You have a pair of horns on your head.
Your body sometimes deteriorates upon taking damage.
You are weak. (Str -2)
Potions are less effective at restoring your health.


   Skills:
 + Level 23.7 Fighting
 - Level 20.0 Maces & Flails
 + Level 15.6 Armour
 - Level 2.1 Dodging
 - Level 7.0 Invocations
 - Level 7.0 Evocations


You had 11 spell levels left.
You didn't know any spells.
Your spell library was empty.

Inventory:

Hand Weapons
 a - a +0 mace
 n - a +2 great mace
   (Trog gifted it to you in the Dungeon)
 o - a +3 dire flail of flaming
   (Trog gifted it to you in the Dungeon)
 v - the +3 battleaxe of the Poles {antimagic, rPois MP-9 Str+6 Dex+9}
   (You bought it in a shop in the Dungeon)

   It reduces the magical energy of the wielder, and disrupts the spells and
   magical abilities of those hit.
   Natural abilities and divine invocations are not affected.
   It affects your strength (+6).
   It affects your dexterity (+9).
   It protects you from poison.
   It affects your magic capacity (-9).
 w - the +8 morningstar of Interdependent Arising (weapon) {vorpal, Str+3}
   (You bought it in a shop in the Dungeon)

   It inflicts extra damage upon your enemies.
   It affects your strength (+3).
 D - a +4 dagger
   (Trog gifted it to you in the Dungeon)
 E - a +0 antimagic morningstar
   (Trog gifted it to you in the Dungeon)
 I - a +2 great mace of flaming
   (Trog gifted it to you in the Dungeon)
 J - a +5 antimagic triple sword {rare}
   (Trog gifted it to you in the Dungeon)
 N - the +2 glaive "Xusee" {antimagic, rF+ Int+4, unknown}
   (Trog gifted it to you in the Dungeon)

   It reduces the magical energy of the wielder, and disrupts the spells and
   magical abilities of those hit.
   Natural abilities and divine invocations are not affected.
   It affects your intelligence (+4).
   It protects you from fire.
Missiles
 h - 21 arrows
 k - 73 stones
 y - 7 curare-tipped darts {=f}
 H - 17 sling bullets
Armour
 b - a +0 animal skin
 j - a +0 leather armour
   (You took it off Ijyb in the Dungeon)
 l - a +1 scale mail
   (You found it in the Dungeon)
 t - a +2 cloak of preservation (worn)
   (You found it in the Dungeon)
 x - a +0 troll leather armour (worn)
   (You found it in the Dungeon)
 G - a -1 plate armour
   (You found it in the Dungeon)
Magical Staves
 p - an uncursed staff of cold {forbidden!a, unknown}
   (You found it in the Dungeon)
Jewellery
 A - an amulet of the acrobat (around neck)
   (You found it in the Dungeon)
 C - the ring "Qytsui" {+Blink rPois rCorr Int-3}
   (You bought it in a shop in the Dungeon)

   [ring of resist corrosion]

   It affects your intelligence (-3).
   It protects you from poison.
   It lets you blink.
   It provides partial protection from all sources of acid and corrosion.
Wands
 i - a wand of polymorph (4)
   (You took it off Ijyb in the Dungeon)
 L - a wand of disintegration (9)
   (You found it in the Dungeon)
 M - a wand of digging (5)
   (You bought it in a shop in the Dungeon)
Scrolls
 m - a scroll of silence {unknown}
 s - a scroll of immolation {unknown}
Potions
 c - 6 potions of curing {@q1}
 d - 3 potions of heal wounds {@q2}
 e - a potion of haste {@q3}
 f - 2 potions of magic
 g - a potion of berserk rage {!q}
 q - a potion of brilliance {unknown}
 r - a potion of ambrosia {unknown}
 u - 2 potions of lignification {unknown}
 z - a potion of degeneration {unknown}
 B - a potion of cancellation {unknown}
 F - a potion of might
Miscellaneous
 K - a phial of floods
   (You found it in the Dungeon)

Dungeon Overview and Level Annotations

Branches:
Dungeon (1/1)

Altars:
Cheibriados
Dithmenos
Elyvilon
Fedhas
Gozag
Hepliaklqana
Kikubaaqudgha
Makhleb
Nemelex Xobeh
Okawaru
Qazlal
Ru
Sif Muna
Trog
Uskayaw
Vehumet
Wu Jian
Xom
Yredelemnul
Zin
The Shining One
Jiyva
Lugonu

Shops:
D

*=(*?*?!!(!=*!(((*=[(}
##############################***
)..#.)#§§§.§§§§§§.'..#^^'..§§#,,,
)..##'#.####.§§§§##.)'.^#§§§§##,,
...'..#§#.###.§§#######)#§.§..###
####.§§.#'#$###§#,((##..#§.§.§#..
§.##)####^.$#y#§##$$$#..##§§.§#)∩
..#°§.^.#..$###§§###$#..≈###§##..
..#°○°○.'..$$$##@§.#$#..≈..#[####
#'###...#^....#xAO##$#..≈.##§#§§.
#.'.#...###''##x##T.$#..≈##.§§§§§
###.#..###.○###.,*+###..≈#.§§§.§.
∩##.#^○####°.###,,,*,≈..##.§§§§§§
###.##'#.$#$$#$###,*M≈..#.§§.....
.##.##.#.$.°$$$$$#,*##..#..§.§...
..§§####.$.$$$$$$#,*,+..##..^^§.^
###§#.['°○$$$$####+*,**'*#.......


You could see a daeva, 2 unseen horrors, a friendly deep troll (summoned,
berserk) and a friendly ogre (summoned, berserk).


Message History

The daeva calls down the wrath of the Shining One upon you.
The Shining One smites you! 😕 HP[-15]
You take 15 damage, and now have 199/214 hp.
You feel your anger nearly subside.
An unseen horror comes into view.
The daeva barely misses you.
The daeva hits you with a +5 eudemon blade of holy wrath! 😕 HP[-10]
You take 10 damage, and now have 189/214 hp.
The daeva blocks your attack.
Your headbutt misses the daeva. The unseen horror barely misses you.
You barely miss the daeva. You headbutt the daeva! The unseen horror hits you!
The daeva closely misses you.
The daeva hits you with a +5 eudemon blade of holy wrath! 😕 HP[-19]
You take 19 damage, and now have 170/214 hp.
The daeva blocks your attack. The unseen horror hits you. 😕 HP[-6]
You take 6 damage, and now have 164/214 hp.
You hit the daeva. The daeva blocks your attack.
The unseen horror completely misses you. 😕 HP[+1]
You puncture the daeva!
You headbutt the daeva, but do no damage.
The daeva barely misses you. You furiously retaliate!
You headbutt the daeva! The daeva hits you but does no damage.
The unseen horror hits you. 😕 HP[-4]
You take 4 damage, and now have 161/214 hp.
The daeva blocks your attack.
The unseen horror hits you but does no damage.
You impale the daeva!! The daeva blocks your attack.
The unseen horror hits you but does no damage.
The daeva hits you with a +5 eudemon blade of holy wrath!!
The daeva hits you with a +5 eudemon blade of holy wrath. 😮 HP[-23]
You take 23 damage, and now have 138/214 hp.
The daeva blocks your attack.
You headbutt the daeva! The unseen horror hits you. x2 😮 HP[-7]
You take 7 damage, and now have 131/214 hp.
The daeva blocks your attack.
You are no longer berserk.
You are exhausted.
You feel yourself slow down.
An unseen horror comes into view. 😮 HP[-43]
You now have 143 max hp (-71).
Your deep troll goes berserk!
The unseen horror hits you. x2
The daeva calls down the wrath of the Shining One upon you.
The Shining One smites you!
* * * LOW HITPOINT WARNING * * *
The unseen horror closely misses you.
The daeva calls down the wrath of the Shining One upon you.
The Shining One smites you!
* * * LOW HITPOINT WARNING * * *
😨 HP[-31]
You take 31 damage, and now have 57/143 hp.
MASSIVE DAMAGE!! (PAUSE)
Your ogre goes berserk!
The unseen horror barely misses you. You furiously retaliate!
You headbutt the unseen horror! The unseen horror barely misses you.
The daeva calls down the wrath of the Shining One upon you.
The Shining One smites you!
* * * LOW HITPOINT WARNING * * *
😨 HP[-9]
You take 9 damage, and now have 48/143 hp.
You impale the daeva!! The unseen horror hits you!
* * * LOW HITPOINT WARNING * * *
The daeva hits you with a +5 eudemon blade of holy wrath!
* * * LOW HITPOINT WARNING * * *
The daeva hits you with a +5 eudemon blade of holy wrath!
* * * LOW HITPOINT WARNING * * *
The daeva blocks your ogre's attack. 😱 HP[-30]
You take 30 damage, and now have 18/143 hp.
MASSIVE DAMAGE!! (PAUSE)
Your skin crawls.
You feel strong-willed. The unseen horror hits you.
* * * LOW HITPOINT WARNING * * *
The daeva blocks your ogre's attack. The daeva barely misses your ogre.
The daeva completely misses your ogre. The unseen horror closely misses you.
You furiously retaliate!
You headbutt the unseen horror. The daeva completely misses your ogre.
The daeva hits your ogre with a +5 eudemon blade of holy wrath!
The daeva blocks your ogre's attack. 😱 HP[-4]
You take 4 damage, and now have 14/143 hp.
You hit the daeva but do no damage. The unseen horror misses you.
Your ogre hits the daeva with a +0 giant club!
The unseen horror closely misses you.
The daeva calls down the wrath of the Shining One upon you.
The Shining One smites you!
* * * LOW HITPOINT WARNING * * *
😱 HP[-9]
You take 9 damage, and now have 5/143 hp.
The daeva blocks your attack. The unseen horror hits you!
You die...

Skill      XL: |  1  2  3  4  5  6  7  8  9 10 11 12 |
---------------+-------------------------------------+-----
Fighting       | 6 8 10 11 13 14 16 18 19 22 23 | 23.7
Maces & Flails | 6 8 10 11 13 14 16 18 20 | 20.0
Invocations    | 5 7 |  7.0
Evocations     | 3 7 |  7.0
Armour         | 12 15 | 15.6
Dodging        | |  2.1

Action                   |  1- 3 |  4- 6 |  7- 9 | 10-12 || total
-------------------------+-------+-------+-------+-------++-------
Melee: Mace              |     6 |    11 |    56 |    22 ||    95
       Unarmed           |     1 |       |       |       ||     1
       Headbutt          |       |     5 |     7 |    37 ||    49
       Great mace        |       |       |       |    16 ||    16
       Morningstar       |       |       |       |   106 ||   106
Invok: Berserk           |     2 |     3 |     6 |    19 ||    30
       Brothers in Arms  |       |       |     1 |     5 ||     6
       Trog's Hand       |       |       |       |     1 ||     1
 Abil: Evoke Blink       |       |       |       |     1 ||     1
Evoke: Wand              |       |       |       |     2 ||     2
       Phial of floods   |       |       |       |     1 ||     1
  Use: Scroll            |       |       |     1 |     4 ||     5
Armor: Animal skin       |     1 |       |       |       ||     1
       Scale mail        |       |     2 |    15 |     5 ||    22
       Troll leather arm |       |       |       |    17 ||    17
       Plate armour      |       |       |       |   118 ||   118
Dodge: Dodged            |     1 |     1 |    17 |    84 ||   103

Levels and vault maps discovered:
D:        dungeon_sprint_1 [red_sonja_temple_1, red_sonja_temple_small_1]

Notes
Turn   | Place    | Note
-------+----------+-------------------------------------------
     0 | D        | Dadi the Minotaur Berserker began the quest for the Orb.
     0 | D        | Reached XP level 1. HP: 19/19 MP: 0/0
     0 | D        | magus.rc [v1.10.3.2021-6-05.01:30:15PM]
     1 | D        | Noticed Ijyb
     7 | D        | Killed Ijyb
     8 | D        | Reached skill level 6 in Fighting
     8 | D        | Reached skill level 6 in Maces & Flails
     8 | D        | Reached XP level 2. HP: 30/30 MP: 1/1
   127 | D        | Noticed an ogre
   131 | D        | Killed an ogre
   132 | D        | Reached skill level 8 in Fighting
   132 | D        | Reached skill level 8 in Maces & Flails
   132 | D        | Reached XP level 3. HP: 41/41 MP: 2/2
   132 | D        | Reached XP level 4. HP: 49/49 MP: 3/3
   241 | D        | Noticed Sigmund
   246 | D        | Killed Sigmund
   246 | D        | Reached ** piety under Trog
   247 | D        | Reached skill level 10 in Fighting
   247 | D        | Reached skill level 10 in Maces & Flails
   247 | D        | Reached XP level 5. HP: 59/59 MP: 4/4
   358 | D        | Found an ornate altar of the Wu Jian Council.
   358 | D        | Found a shimmering blue altar of Sif Muna.
   361 | D        | Found a radiant altar of Vehumet.
   364 | D        | Reached skill level 11 in Fighting
   364 | D        | Reached skill level 11 in Maces & Flails
   364 | D        | Reached XP level 6. HP: 68/68 MP: 5/5
   398 | D        | Found Veudgh's Assorted Antiques.
   398 | D        | Found an ancient bone altar of Kikubaaqudgha.
   398 | D        | Found a hazy altar of Hepliaklqana.
   398 | D        | Found a hide-covered altar of Uskayaw.
   398 | D        | Found a basalt altar of Yredelemnul.
   398 | D        | Found an opulent altar of Gozag.
   398 | D        | Found a snail-covered altar of Cheibriados.
   398 | D        | Found a sacrificial altar of Ru.
   398 | D        | Found a shadowy altar of Dithmenos.
   398 | D        | Noticed a yak
   403 | D        | Killed a yak
   404 | D        | Reached skill level 12 in Fighting
   404 | D        | Reached skill level 12 in Maces & Flails
   404 | D        | Found a stormy altar of Qazlal.
   404 | D        | Found a blossoming altar of Fedhas.
   404 | D        | Found a bloodstained altar of Trog.
   404 | D        | Found an iron altar of Okawaru.
   404 | D        | Found a glowing golden altar of the Shining One.
   404 | D        | Found a glowing silver altar of Zin.
   404 | D        | Found a white marble altar of Elyvilon.
   405 | D        | Found a sparkling altar of Nemelex Xobeh.
   429 | D        | Found a viscous altar of Jiyva.
   429 | D        | Found a corrupted altar of Lugonu.
   429 | D        | Noticed a slime creature
   430 | D        | Found a burning altar of Makhleb.
   430 | D        | Found a shimmering altar of Xom.
   433 | D        | Killed a slime creature
   433 | D        | Reached *** piety under Trog
   434 | D        | Reached skill level 13 in Fighting
   434 | D        | Reached skill level 13 in Maces & Flails
   434 | D        | Reached XP level 7. HP: 79/79 MP: 6/6
   485 | D        | Noticed a kobold demonologist
   486 | D        | Noticed a kobold demonologist
   491 | D        | Killed a kobold demonologist
   492 | D        | Reached skill level 14 in Fighting
   492 | D        | Reached skill level 14 in Maces & Flails
   493 | D        | Noticed a red devil
   496 | D        | Killed a kobold demonologist
   496 | D        | Reached **** piety under Trog
   497 | D        | Reached XP level 8. HP: 90/90 MP: 7/7
   612 | D        | Noticed a demonic crawler
   612 | D        | Noticed a demonic crawler
   612 | D        | Noticed a demonic crawler
   612 | D        | Noticed a demonic crawler
   619 | D        | Killed a demonic crawler
   620 | D        | Reached skill level 15 in Fighting
   620 | D        | Reached skill level 15 in Maces & Flails
   620 | D        | Reached skill level 2 in Invocations
   705 | D        | Killed a gargoyle
   835 | D        | Noticed a centaur warrior
   838 | D        | Noticed a centaur warrior
   841 | D        | Killed a centaur warrior
   842 | D        | Reached skill level 16 in Fighting
   842 | D        | Reached skill level 16 in Maces & Flails
   842 | D        | Reached skill level 5 in Invocations
   842 | D        | Reached XP level 9. HP: 100/100 MP: 8/11
   850 | D        | Killed a centaur warrior
   851 | D        | Reached skill level 7 in Invocations
   926 | D        | Paralysed by a hornet for 3 turns
  1235 | D        | Noticed an oklob plant
  1239 | D        | Killed an oklob plant
  1240 | D        | Reached skill level 17 in Fighting
  1240 | D        | Reached skill level 17 in Maces & Flails
  1351 | D        | Reached ***** piety under Trog
  1366 | D        | HP: 25/103 [poisoned by a redback]
  1371 | D        | HP: 19/103 [poisoned by a redback]
  1376 | D        | HP: 16/103 [poisoned by a redback]
  1382 | D        | HP: 13/103 [poisoned by a redback]
  1389 | D        | HP: 12/103 [poisoned by a redback]
  1396 | D        | HP: 12/103 [poisoned by a redback]
  1404 | D        | HP: 12/103 [poisoned by a redback]
  1883 | D        | Killed an unseen horror
  1884 | D        | Reached skill level 18 in Fighting
  1884 | D        | Reached skill level 18 in Maces & Flails
  1884 | D        | Reached XP level 10. HP: 107/112 MP: 14/14
  1892 | D        | Killed an unseen horror
  2134 | D        | Received a gift from Trog
  2156 | D        | Reached ****** piety under Trog
  2159 | D        | HP: 28/114 [necrophage (2)]
  2161 | D        | Received a gift from Trog
  2502 | D        | Reached skill level 19 in Fighting
  2502 | D        | Reached skill level 19 in Maces & Flails
  2524 | D        | Found Gomeikh's Distillery.
  2524 | D        | Found Woecof's Magic Scroll Shop.
  2524 | D        | Found Oshro's Distillery.
  2526 | D        | Found Fecob's Antique Weapon Emporium.
  2526 | D        | Found Ysaf Bum's Distillery.
  2526 | D        | Found Ilavukh's Jewellery Shoppe.
  2526 | D        | Found Quag's Assorted Antiques.
  2526 | D        | Found Mownusev's Distillery.
  2526 | D        | Found Lyhisy's Antique Weapon Shop.
  2526 | D        | Found Qimouleuw's Antique Weapon Shoppe.
  2529 | D        | Found Atomy's Weapon Boutique.
  2530 | D        | Found Viget's Jewellery Emporium.
  2530 | D        | Found Xiniaph's General Store.
  2531 | D        | Found Keomub's Antique Weapon Emporium.
  2535 | D        | Bought a glimmering battleaxe for 230 gold pieces
  2535 | D        | Identified the cursed +3 battleaxe of the Poles {antimagic,
                  | rPois MP-9 Str+6 Dex+9} (You bought it in a shop in the
                  | Dungeon)
  2537 | D        | Bought a steaming morningstar for 225 gold pieces
  2561 | D        | Identified the +8 morningstar of Interdependent Arising
                  | {vorpal, Str+3} (You bought it in a shop in the Dungeon)
  2672 | D        | Noticed a deep troll
  2674 | D        | Killed a deep troll
  2791 | D        | Found Lous's Armour Emporium.
  2807 | D        | Noticed Sonja
  2813 | D        | Killed Sonja
  2896 | D        | Found Poaboi's General Store.
  2949 | D        | Bought the ring "Qytsui" {+Blink rPois rCorr Int-3} for 382
                  | gold pieces
  2998 | D        | Noticed a shining eye
  2998 | D        | Noticed a shining eye
  2998 | D        | Noticed a shining eye
  3019 | D        | Gained mutation: Potions are less effective at restoring
                  | your health. [a shining eye]
  3020 | D        | Killed a shining eye
  3021 | D        | Reached skill level 2 in Evocations
  3027 | D        | Killed a shining eye
  3027 | D        | Received a gift from Trog
  3028 | D        | Reached skill level 20 in Maces & Flails
  3028 | D        | Reached skill level 3 in Evocations
  3028 | D        | Reached XP level 11. HP: 124/124 MP: 15/15
  3030 | D        | Gained mutation: You are weak. (Str -2) [a shining eye]
  3032 | D        | Killed a shining eye
  3033 | D        | Reached skill level 20 in Fighting
  3033 | D        | Reached skill level 4 in Evocations
  3148 | D        | Noticed a shining eye
  3153 | D        | Killed a shining eye
  3153 | D        | Noticed a shining eye
  3154 | D        | Reached skill level 6 in Evocations
  3155 | D        | Killed a shining eye
  3459 | D        | Noticed a shining eye
  3469 | D        | Gained mutation: Your body sometimes deteriorates upon
                  | taking damage. [a shining eye]
  3470 | D        | Killed a shining eye
  3471 | D        | Reached skill level 7 in Evocations
  3471 | D        | Reached skill level 3 in Armour
  3472 | D        | Noticed a shining eye
  3472 | D        | Noticed a shining eye
  3497 | D        | Killed a shining eye
  3498 | D        | Reached skill level 4 in Armour
  3621 | D        | Killed a shining eye
  3621 | D        | Received a gift from Trog
  3622 | D        | Reached skill level 5 in Armour
  3745 | D        | Reached skill level 6 in Armour
  3749 | D        | Found Unecsidi's Magic Scroll Shop.
  3749 | D        | Found Miguock's Jewellery Shoppe.
  3749 | D        | Found Unenuwk's General Store.
  3749 | D        | Found Goxy's Weapon Emporium.
  3764 | D        | Bought a potion of might for 48 gold pieces
  3764 | D        | Bought a potion of heal wounds for 60 gold pieces
  3764 | D        | Bought a potion of heal wounds for 60 gold pieces
  3766 | D        | Bought a scroll of magic mapping for 38 gold pieces
  3809 | D        | Reached skill level 7 in Armour
  3869 | D        | Noticed a lindwurm
  3873 | D        | Killed a lindwurm
  3874 | D        | Reached skill level 8 in Armour
  3914 | D        | Reached skill level 21 in Fighting
  3925 | D        | Lost intelligence.
  3933 | D        | Killed a lorocyproca
  3934 | D        | Reached skill level 9 in Armour
  4093 | D        | HP: 3/127 [something (30)]
  4206 | D        | HP: 29/127 [something (27)]
  4207 | D        | HP: 11/127 [something (18)]
  4476 | D        | HP: 31/127 [meliai/divine providence (13)]
  4724 | D        | Reached skill level 10 in Armour
  4727 | D        | Received a gift from Trog
  4737 | D        | Reached skill level 11 in Armour
  4739 | D        | Received a gift from Trog
  4808 | D        | Noticed a 12-headed hydra
  4811 | D        | Killed a 12-headed hydra
  4811 | D        | Paralysed by a floating eye for 3 turns
  4812 | D        | Reached skill level 22 in Fighting
  4816 | D        | Reached skill level 12 in Armour
  5271 | D        | Noticed a shadow dragon
  5281 | D        | Killed a shadow dragon
  5282 | D        | Reached XP level 12. HP: 139/139 MP: 16/16
  5285 | D        | Lost intelligence.
  5535 | D        | Noticed a deep elf annihilator
  5552 | D        | Received a gift from Trog
  5553 | D        | Reached skill level 13 in Armour
  5555 | D        | J - a glowing triple sword {god gift, rare}
  5745 | D        | J - a +5 antimagic triple sword (weapon) {rare}
  5751 | D        | Noticed a golden dragon
  5759 | D        | Killed a golden dragon
  5760 | D        | Reached skill level 23 in Fighting
  5760 | D        | Reached skill level 14 in Armour
  5767 | D        | Found Osohias's Gadget Shoppe.
  6109 | D        | Paralysed by a hornet for 2 turns
  6148 | D        | Noticed a daeva
  6286 | D        | Noticed the 27-headed Lernaean hydra
  6295 | D        | Killed the 27-headed Lernaean hydra
  6296 | D        | Reached skill level 15 in Armour
  6400 | D        | Killed a deep elf annihilator
  6400 | D        | Received a gift from Trog
  6420 | D        | Bought a wand of digging (6) for 220 gold pieces
  6498 | D        | Noticed a mummy priest
  6507 | D        | Got a dazzling glaive {god gift}
  6532 | D        | HP: 30/143 [daeva/+5 eudemon blade of holy wrath (9)]
  6533 | D        | HP: 14/143 [unseen horror (6)]
  6534 | D        | HP: 5/143 [daeva/divine providence (11)]
  6535 | D        | Slain by an unseen horror

Vanquished Creatures
  the Lernaean hydra (D)
  A golden dragon (D)
  A shadow dragon (D)
  A deep elf annihilator (D)
  A lorocyproca (D)
  A hydra (D)
  2 centaur warriors (D)
  Sonja (D)
  2 unseen horrors (D)
  A deep troll (D)
  A lindwurm (D)
  8 shining eyes (D)
  An oklob plant (D)
  2 merfolk sirens (D)
  A gargoyle (D)
  2 kobold demonologists (D)
  A hellwing (D)
  4 demonic crawlers (D)
  3 hornets (D)
  A slime creature (D)
  2 redbacks (D)
  Sigmund (D)
  A yak (D)
  13 hogs (D)
  7 floating eyes (D)
  7 necrophages (D)
  An ogre (D)
  8 jellies (D)
  Ijyb (D)
77 creatures vanquished.

Vanquished Creatures (others)
  A gargoyle (D)
  2 hornets (D)
  2 ballistomycete spores (D)
5 creatures vanquished.

Grand Total: 82 creatures vanquished

Table legend:
 A = Non-vault XP
 B = Vault XP
 C = Vault XP percentage of total XP
 D = Non-vault monster count
 E = Vault monster count
 F = Vault count percentage of total count
                 A         B        C        D         E       F
            +---------+---------+-------+---------+---------+-------
      Total |       0 |   31199 | 100.0 |       0 |      77 | 100.0
            +---------+---------+-------+---------+---------+-------
          D |       0 |   31199 | 100.0 |       0 |      77 | 100.0
            +---------+---------+-------+---------+---------+-------

Illustrated notes

Table legend:
 A = Kills in this place as a percentage of kills in entire the game.
 B = Kills by you in this place as a percentage of kills by you in the entire game.
 C = Kills by friends in this place as a percentage of kills by friends in the entire game.
 D = Other kills in this place as a percentage of other kills in the entire game.
 E = Experience gained in this place as a percentage of experience gained in the entire game.
 F = Experience gained in this place divided by the number of levels of this place that you have seen.
                   A       B       C       D       E      F
               +-------+-------+-------+-------+-------+----------------------
         Total | 100.0 | 100.0 |   N/A |   N/A | 100.0 | 31199.0
       Dungeon | 100.0 | 100.0 |   N/A |   N/A | 100.0 | 31199.0
               +-------+-------+-------+-------+-------+----------------------

Table legend: (Time is in decaauts)
 A = Elapsed time spent in this place.
 B = Non-inter-level travel time spent in this place.
 C = Inter-level travel time spent in this place.
 D = Time resting spent in this place.
 E = Time spent auto-exploring this place.
 F = Levels seen in this place.
 G = Mean time per level.
                   A        B        C        D        E       F      G
               +--------+--------+--------+--------+--------+-----+--------+
         Total |   7236 |   7166 |     70 |   5485 |     58 |   1 | 7236.0 |
       Dungeon |   7236 |   7166 |     70 |   5485 |     58 |   1 | 7236.0 |
               +--------+--------+--------+--------+--------+-----+--------+

Top non-repeatable levels by time:
       D: 7236 daAuts
